 Dungeon Crawl Stone Soup version 0.28-b1-1-g3c77fb2ed1 (webtiles) character file.

Game seed: 6006332370059859898

398 croobank the Magician (level 6, -1/48 HPs)
             Began as a Draconian Hedge Wizard on Jan 30, 2022.
             Slain by a shadow (29 damage)
             ... on level 5 of the Dungeon.
             The game lasted 00:16:16 (4236 turns).

croobank the Magician (Draconian Hedge Wizard)      Turns: 4236, Time: 00:16:16

Health: -1/48      AC:  6    Str: 12    XL:     6   Next: 53%
Magic:  9/12       EV: 13    Int: 16    God:
Gold:   198        SH:  0    Dex: 17    Spells: 3/13 levels left

rFire   . . .      SeeInvis .   a - +1 dagger (venom)
rCold   . . .      Faith    .   i - orb {*Rage}
rNeg    + . .      Spirit   .   (armour unavailable)
rPois   .          Reflect  .   b - +0 hat
rElec   .          Harm     .   (no cloak)
rCorr   .          Rampage  .   (no gloves)
Will    .....      Rage     20% (no boots)
Stlth   ++........              (no amulet)
HPRegen 0.16/turn               w - ring of positive energy
MPRegen 0.13/turn               c - +6 ring of dexterity

@: confusing by touch, on berserk cooldown, slowed, very slow
A: AC +6, unfitting armour, cold-blooded
a: no special abilities


You were on level 5 of the Dungeon.
You visited 1 branch of the dungeon, and saw 5 of its levels.

You collected 198 gold pieces.

Inventory:

Hand Weapons
 a - a +1 dagger of venom (weapon)
 p - a +0 flail
 t - a +0 antimagic halberd
Missiles
 e - 43 sling bullets
 g - 31 arrows
 n - 7 poisoned darts
 u - 43 stones
Armour
 b - a +0 hat (worn)
 i - an orb of wrath (worn)
Jewellery
 c - a +6 ring of dexterity (right hand)
 l - a ring of flight
 w - a ring of positive energy (left hand)
Wands
 x - a wand of charming (10)
Scrolls
 d - a scroll of fog
 h - a scroll of identify
 j - a scroll of immolation {unknown}
 r - a scroll of noise {unknown}
 s - a scroll of enchant armour {unknown}
Potions
 f - 2 potions of cancellation
 k - a potion of brilliance {unknown}
 m - a potion of degeneration {unknown}
 o - 3 potions of curing
 q - a potion of might {unknown}
 v - a potion of heal wounds {unknown}


   Skills:
 + Level 2.2 Fighting
 + Level 2.9 Short Blades
 + Level 2.8 Dodging
 + Level 3.0 Stealth
 + Level 4.1 Spellcasting
 + Level 1.8 Conjurations
 * Level 1.5 Hexes
 + Level 1.0 Summonings
 + Level 1.0 Translocations


You had 3 spell levels left.
You knew the following spells:

 Your Spells              Type           Power      Damage    Failure   Level
a - Magic Dart            Conj           36%        1d4       8%          1
b - Slow                  Hex            32%        N/A       9%          1
c - Blink                 Tloc           12%        N/A       17%         2
d - Mephitic Cloud        Conj/Pois/Air  5%         N/A       36%         3
e - Confusing Touch       Hex            8%         N/A       26%         3

Your spell library contained the following spells:

 Spells                   Type           Power      Damage    Failure   Level
 Call Imp                 Summ           6%         N/A       17%         2
 Conjure Flame            Conj/Fire      6%         6-21      34%         3
 Ignite Poison            Fire/Tmut/Pois 3%         N/A       45%         3
 Freezing Cloud           Conj/Ice/Air   2%         6-21      98%         5
 Yara's Violent Unravell  Hex/Tmut       2%         3d3       98%         5
 Enfeeble                 Hex            4%         N/A       100%        7


Dungeon Overview and Level Annotations

Branches:
Dungeon (5/15)             Temple (0/1) D:4

Altars:
Uskayaw


Innate Abilities, Weirdness & Mutations

Your plain brown scales are hard. (AC +6)
You cannot fit into any form of body armour.
You are cold-blooded and may be slowed by cold attacks.


Message History

The hound bites you but does no damage.
The hound stops to sniff the ground.
The hound bites you.
You completely miss the hound.
The hound is heavily wounded.
The hound bites you but does no damage. x2
You hit the hound.
The hound looks even sicker.
The hound is severely wounded.
The hound bites you.
You closely miss the hound.
The hound is severely wounded.
The hound bites you but does no damage. The hound closely misses you.
You hit the hound.
The hound looks as sick as possible!
The hound is almost dead.
The hound bites you but does no damage. The hound barely misses you.
You hit the hound but do no damage.
The hound looks as sick as possible!
You tail-slap the hound.
The hound is almost dead.
You kill the hound!
The shadow strikes at you from the darkness!
Reactivating autopickup.
Your Stealth skill increases to level 3!
Casting: Magic Dart (safe; 8% risk of failure)
Confirm with . or Enter, or press ? or * to list all spells.
Okay, then.
Casting: Magic Dart (safe; 8% risk of failure)
Confirm with . or Enter, or press ? or * to list all spells.
Your hands begin to glow red.
The shadow hits you.
You closely miss the shadow.
Your tail-slap misses the shadow.
The shadow hits you.
You hit the shadow but do no damage.
You tail-slap the shadow, but do no damage.
The shadow hits you.
The shadow slips into darkness.
The shadow flickers and vanishes!
Deactivating autopickup; reactivate with Ctrl-A.
You hit something but do no damage.
The shadow strikes at you from the darkness!
Ouch! That really hurt!
You die...

..?# #.........
...#......... .
#.#.........
...#...........
#..............
######...[..... .##
##......## . ..#
#{###### #.#....#
#######@# #.# .#.#
........#########.# ...
########..........####.#
#.##.#.###......#
#.##.......#>....
#.#.....##.#.....
#.#..#..........#
#.#..#.###.##.###
#..........##.# #


There were no monsters in sight!

Vanquished Creatures
  A scorpion (D:5)
  3 hounds (D:5)
  Ijyb (D:5)
  Robin (D:3)
  7 gnolls
  5 adders
  2 ufetubi (D:5)
  A worm (D:2)
  4 dart slugs
  9 endoplasms
  3 giant cockroaches
  12 goblins
  4 hobgoblins
  4 jackals (D:4)
  4 kobolds
  5 quokkas
  8 ball pythons
  8 bats
  A frilled lizard (D:3)
  6 rats
89 creatures vanquished.

Notes
Turn   | Place    | Note
-------+----------+-------------------------------------------
     0 | D:1      | croobank the Draconian Hedge Wizard began the quest for the
                  | Orb.
     0 | D:1      | Reached XP level 1. HP: 14/14 MP: 4/4
   102 | D:1      | Learned a level 1 spell: Slow
   343 | D:1      | Reached XP level 2. HP: 19/20 MP: 0/6
   355 | D:1      | Learned a level 2 spell: Blink
  1035 | D:2      | Reached XP level 3. HP: 8/27 MP: 0/8
  1475 | D:2      | Reached skill level 1 in Fighting
  1564 | D:2      | Reached XP level 4. HP: 35/35 MP: 9/9
  1582 | D:2      | Found a faded altar of an unknown god.
  1709 | D:2      | Learned a level 3 spell: Mephitic Cloud
  1713 | D:2      | Learned a level 3 spell: Confusing Touch
  2224 | D:3      | Reached skill level 1 in Short Blades
  2419 | D:3      | Noticed Robin
  2433 | D:3      | Killed Robin
  2434 | D:3      | Reached XP level 5. HP: 38/40 MP: 10/10
  3064 | D:4      | Found a staircase to the Ecumenical Temple.
  3069 | D:4      | Reached skill level 4 in Spellcasting
  3554 | D:4      | Identified a scroll of acquirement
  3555 | D:4      | Acquired a +6 ring of dexterity
  3672 | D:4      | Identified the +0 ring mail of the Earth {+Inv Int+4}
  3747 | D:4      | Found a hide-covered altar of Uskayaw.
  3940 | D:5      | Entered Level 5 of the Dungeon
  3944 | D:5      | Noticed Ijyb
  3953 | D:5      | Killed Ijyb
  4004 | D:5      | Reached skill level 1 in Hexes
  4004 | D:5      | Reached XP level 6. HP: 36/48 MP: 8/12
  4217 | D:5      | Noticed a shadow
  4236 | D:5      | Slain by a shadow

Illustrated notes

Levels and vault maps discovered:
D:1:      lightli_arrival_flooded_house, layout_loops_ring
D:2:      minmay_spotlight, layout_rooms, basic_ecumenical_altar,
          grunt_ministairs_11
D:3:      layout_basic, uniq_robin
D:4:      layout_basic, mainiacjoe_overflow_alcove_2, minmay_temple_entry_tees
D:5:      layout_loops_cross, old_standard_altar, uniq_menkaure, uniq_ijyb

Skill      XL: |  1  2  3  4  5  6 |
---------------+-------------------+-----
Dodging        | 2 |  2.8
Stealth        | 2 3 |  3.0
Fighting       | 1 2 |  2.2
Short Blades   | 1 2 |  2.9
Spellcasting   | 4 |  4.1
Hexes          | 1 |  1.5
Conjurations   | |  1.8
Summonings     | |  1.0
Translocations | |  1.0

Action                   |  1- 3 |  4- 6 || total
-------------------------+-------+-------++-------
Melee: Dagger            |    84 |   164 ||   248
       Tailslap          |     9 |    17 ||    26
       Punch             |     1 |       ||     1
 Cast: Magic Dart        |    36 |    34 ||    70
       Slow              |     1 |     5 ||     6
       Mephitic Cloud    |       |     1 ||     1
       Confusing Touch   |       |     1 ||     1
  Use: Scroll            |     4 |     3 ||     7
 Stab: Sleeping          |       |     5 ||     5
Armor: Skin              |    34 |    56 ||    90
Dodge: Dodged            |    58 |   103 ||   161
